 Dungeon Crawl Stone Soup version 0.32-a0-39-g5c88369fb2 (webtiles) character file.

Game seed: 9305242479958980886

1974 Colgate the Slicer (level 9, 0/42 (48) HPs)
             Began as a Vine Stalker Air Elementalist on Feb 5, 2024.
             Was a Follower of Ashenzari.
             Slain by a killer bee (1 damage)
             ... on level 6 of the Dungeon.
             The game lasted 00:21:08 (7920 turns).

Colgate the Slicer (Vine Stalker Air Elementalist)  Turns: 7920, Time: 00:21:08

HP:   0/42 (48)     AC: 13    Str: 12    XL:     9   Next: 20%
MP:   0/19          EV: 10    Int: 18    God:    Ashenzari [*.....]
Gold: 204           SH:  4    Dex: 14    Spells: 20/21 levels left

rFire   + . .        a - +2 short sword
rCold   . . .        h - +0 buckler "Tethered Together" {Self, Dev} (curse)
rNeg    . . .        y - +5 ring mail of Sloth {+Blink Str-4 Int+3}
rPois   .            v - +2 helmet of the Cursed Heavens {Dev, Range} (curse)
rElec   .            (no cloak)
rCorr   .            (no gloves)
SInv    .            (no boots)
Will    +....        (no amulet)
Stlth   +            c - ring of wizardry
HPRegen 1.07/turn    r - ring of protection from fire
MPRegen 0.16/turn

%: guardian spirit, wizardry (x1)
@: lethally poisoned (0 -> -1), heavily drained
A: fangs 3, regeneration 1, magic shield, antimagic bite, no potion heal 2
a: Renounce Religion, Evoke Blink, Shatter the Chains


You were on level 6 of the Dungeon.
You worshipped Ashenzari.
Ashenzari was aware of your devotion.
You visited 2 branches of the dungeon, and saw 8 of its levels.
You also visited: Ossuary.

You collected 582 gold pieces.
You spent 378 gold pieces at shops.

Inventory:

Hand Weapons
 a - a +2 short sword (weapon)
Missiles
 k - 6 curare-tipped darts
Armour
 h - the cursed +0 buckler "Tethered Together" (worn) {Self, Dev}
   (You bought it in a shop on level 2 of the Dungeon)

   It has a curse which improves the following skills: Introspection: Fighting
   and Spellcasting.
   Devices:   Evocations and Shapeshifting.
 v - the cursed +2 helmet of the Cursed Heavens (worn) {Dev, Range}
   (You found it on level 5 of the Dungeon)

   It has a curse which improves the following skills: Devices: Evocations and
   Shapeshifting.
   Ranged Combat: Ranged Weapons and Throwing.
 y - the +5 ring mail of Sloth (worn) {+Blink Str-4 Int+3}
   (You found it on level 6 of the Dungeon)

   Str-4:     It affects your strength (-4).
   Int+3:     It affects your intelligence (+3).
   +Blink:    It lets you blink.
Jewellery
 c - a ring of wizardry (left hand)
 r - a ring of protection from fire (right hand)
 E - a ring of fire
Wands
 g - a wand of charming (8)
 w - a wand of flame (27)
 F - a wand of iceblast (10) {@v2}
Scrolls
 d - 3 scrolls of teleportation {@r3}
 i - a scroll of fog
 j - 3 scrolls of immolation
 t - 3 scrolls of vulnerability
 u - a scroll of noise
 z - a scroll of blinking {@r4}
 A - 2 scrolls of silence
 B - a scroll of amnesia
 G - a scroll of fear
Potions
 b - 3 potions of magic
 e - a potion of resistance {@q5}
 f - 3 potions of attraction
 l - 5 potions of brilliance
 m - 2 potions of heal wounds {@q2}
 n - 3 potions of might {@q3}
 o - 2 potions of mutation
 p - 4 potions of curing {@q1}
 q - 2 potions of lignification
 s - a potion of haste {@q4}
 x - a potion of invisibility
 C - a potion of enlightenment


   Skills:
 - Level 5.0(5.7) Fighting
 - Level 8.0 Short Blades
 - Level 1.5 Dodging
 - Level 2.4 Stealth
 + Level 5.7(6.5) Spellcasting
 - Level 1.0 Conjurations
 - Level 3.0 Air Magic


You had 20 spell levels left.
You knew the following spells:

 Your Spells              Type           Power      Damage    Failure   Level
a - Shock                 Conj/Air       52%        1d6       7%          1

Your spell library contained the following spells:

 Spells                   Type           Power      Damage    Failure   Level
 Static Discharge         Conj/Air       26%        3-5/arc   11%         2
 Swiftness                Air            16%        N/A       13%         3
 Freeze                   Ice            20%        1d4       16%         1
 Hailstorm                Conj/Ice       7%         3d5       34%         3
 Airstrike                Air            8%         2d(2-18)  38%         4
 Frozen Ramparts          Ice            10%        1d2       41%         3


Dungeon Overview and Level Annotations

Branches:
Dungeon (7/15)             Temple (1/1) D:5         Ossuary (visited)

Altars:
Ashenzari
Cheibriados
Dithmenos
Fedhas
Hepliaklqana
Kikubaaqudgha
Makhleb
Nemelex Xobeh
Okawaru
Ru
Sif Muna
Trog
Uskayaw
Vehumet
Wu Jian
Xom
Yredelemnul
Zin
The Shining One

Shops:
D:2 [   D:6 ?

Annotations:
D:6 2 runed translucent doors, Gargoyl's ghost, novice GrBe
D:7 Jeremiah; Maggie


Innate Abilities, Weirdness & Mutations

You have razor-sharp teeth.
Your natural rate of healing is unusually fast.
When hurt, damage is shared between your health and your magic reserves.
Your bite disrupts and absorbs the magic of your enemies.
Potions cannot restore your health.


Message History

You feel very sick. The killer bee stings you.
The killer bee stings you but does no damage.
You climb upwards.
Level annotation: 2 runed translucent doors, Gargoyl's ghost, novice GrBe You feel very sick.
There is a stone staircase leading down here.
You closely miss the killer bee.
You feel sick.
The killer bee stings you but does no damage.
You barely miss the killer bee.
You feel sick. The killer bee closely misses you.
The killer bee stings you but does no damage.
You barely miss the killer bee. Your bite misses the killer bee.
You feel sick.
The killer bee stings you but does no damage.
You miss the killer bee. Your bite misses the killer bee.
You feel sick.
The killer bee stings you but does no damage.
You hit the killer bee. Your bite misses the killer bee.
You feel sick. The killer bee stings you.
* * * LOW HITPOINT WARNING * * *
You closely miss the killer bee. Your bite misses the killer bee.
You feel sick.
The killer bee stings you but does no damage.
The killer bee stings you.
* * * LOW HITPOINT WARNING * * *
You are lethally poisoned!
The killer bee poisons you!
You barely miss the killer bee. Your bite misses the killer bee.
* * * LOW HITPOINT WARNING * * *
You feel sick. The killer bee barely misses you.
You closely miss the killer bee.
* * * LOW HITPOINT WARNING * * *
You feel sick. The killer bee closely misses you.
You miss the killer bee.
* * * LOW HITPOINT WARNING * * *
You feel sick.
The killer bee stings you but does no damage. x2
You puncture the killer bee!
* * * LOW HITPOINT WARNING * * *
You feel sick. The killer bee stings you.
You die...

# # # #############
#####...>.....y.##
##.......#####..@.#
#..###..#######...###
............###.....####
...###...##............#
.#.#)#.#.###....##))..##
...#.#...###.))###..<##
###...###......# ##.##
#.#.#.#.#.#..#.# #.##
##.#.#.##....#.# #..#


You could see a killer bee.

Vanquished Creatures
  Sigmund (D:2)
  A wraith (D:7)
  Menkaure (D:5)
  2 ice beasts (D:5)
  An ogre (D:5)
  2 phantoms
  2 bullfrogs (D:6)
  A scorpion (D:6)
  An orc priest (D:4)
  3 bombardier beetles
  4 hounds
  A jelly (D:5)
  Jessica (D:2)
  7 iguanas
  A sleepcap (D:5)
  Ijyb (D:5)
  9 mummies
  5 adders
  10 gnolls
  6 ufetubi
  A dart slug (D:2)
  A ribbon worm (D:5)
  21 orcs
  5 ball pythons
  3 bats (D:2)
  3 endoplasms (D:2)
  A giant cockroach (D:3)
  3 gnoll zombies (Ossuary)
  8 goblins
  12 hobgoblins
  6 jackals
  7 kobolds
  5 quokkas
  6 frilled lizards
  4 hobgoblin zombies (Ossuary)
  A kobold zombie (Ossuary)
  5 rats
152 creatures vanquished.

Notes
Turn   | Place    | Note
-------+----------+-------------------------------------------
     0 | D:1      | Colgate the Vine Stalker Air Elementalist began the quest
                  | for the Orb.
     0 | D:1      | Reached XP level 1. HP: 9/9 MP: 4/4
   135 | D:1      | Reached skill level 1 in Short Blades
   391 | D:1      | Reached XP level 2. HP: 9/13 MP: 4/6
   874 | D:2      | Reached skill level 2 in Short Blades
   895 | D:2      | Reached XP level 3. HP: 16/16 MP: 7/7
  1088 | D:2      | Found a faded altar of an unknown god.
  1095 | D:2      | Noticed Sigmund
  1106 | D:2      | Killed Sigmund
  1107 | D:2      | Reached skill level 4 in Short Blades
  1107 | D:2      | Reached XP level 4. HP: 21/21 MP: 3/8
  1107 | D:2      | Reached XP level 5. HP: 24/24 MP: 3/9
  1260 | D:2      | Found Hotaschaydgh's Armour Shop.
  1377 | D:2      | Reached skill level 5 in Short Blades
  1483 | D:2      | Found a snail-covered altar of Cheibriados.
  1545 | D:2      | Reached XP level 6. HP: 28/28 MP: 10/10
  1653 | D:2      | Noticed Jessica
  1663 | D:2      | Killed Jessica
  1795 | D:2      | Bought a +0 chain mail for 49 gold pieces
  1806 | D:2      | Bought a +0 buckler for 49 gold pieces
  2370 | D:3      | Reached skill level 6 in Short Blades
  2904 | D:4      | Reached XP level 7. HP: 30/32 MP: 8/11
  3733 | D:5      | Entered Level 5 of the Dungeon
  3750 | D:5      | Found a staircase to the Ecumenical Temple.
  3756 | Temple   | Entered the Ecumenical Temple
  3821 | Temple   | Reached skill level 7 in Short Blades
  3841 | Temple   | Became a worshipper of Ashenzari the Shackled
  4656 | D:5      | Reached skill level 8 in Short Blades
  4656 | D:5      | Gained mutation: You have razor-sharp teeth. [Vine Stalker
                  | growth]
  4656 | D:5      | Reached XP level 8. HP: 36/36 MP: 12/12
  4710 | D:5      | Noticed Menkaure
  4722 | D:5      | Killed Menkaure
  4794 | D:5      | Noticed Ijyb
  4827 | D:5      | Killed Ijyb
  5262 | D:6      | Found a sand-covered staircase.
  5273 | Ossuary  | Entered an ossuary
  5630 | D:6      | Identified the +5 ring mail of Sloth {+Blink Str-4 Int+3}
  5654 | D:6      | Found Nynoupn's Magic Scroll Shop.
  5662 | D:6      | Bought a scroll of blinking for 105 gold pieces
  5662 | D:6      | Bought a scroll of silence for 133 gold pieces
  5662 | D:6      | Bought a scroll of teleportation for 42 gold pieces
  5687 | D:6      | Found a large runed translucent door.
  5687 | D:6      | Found a large runed translucent door.
  5688 | D:6      | Noticed Gargoyl's ghost (novice GrBe)
  6071 | D:5      | Reached skill level 5 in Fighting
  6384 | D:6      | Reached XP level 9. HP: 47/47 MP: 16/16
  7270 | D:7      | Reached * piety under Ashenzari
  7552 | D:7      | Reached skill level 5 in Spellcasting
  7675 | D:7      | Noticed Jeremiah
  7859 | D:7      | Noticed Maggie
  7917 | D:6      | HP: 2/42 [poisoned by a killer bee]
  7920 | D:6      | Slain by a killer bee

Illustrated notes

Levels and vault maps discovered:
D:1:      heliophobic_arrival_dark_side_of_the_moon, layout_basic
D:2:      layout_basic, basic_altar, ebering_ecumenical_altar_petrified,
          serial_shops, nicolae_shop_window_shopping, corexii_shack,
          kennysheep_generic_room_6, uniq_jessica, uniq_sigmund
D:3:      minmay_recursive_quarters, layout_loops_cross
D:4:      layout_basic
D:5:      layout_basic, minmay_temple_entry_statues_fountains, uniq_menkaure,
          uniq_ijyb
D:6:      layout_layer_cave, nicolae_ossuary_entry_giza, serial_shops,
          nicolae_shop_rolling_square, ebering_ghost_disaster_area,
          minmay_starry_boxes
D:7:      layout_loops_ring, uniq_maggie, uniq_jeremiah
Temple:   nicolae_temple_bog_church

Skill      XL: |  1  2  3  4  5  6  7  8  9 |
---------------+----------------------------+-----
Short Blades   | 1 2 4 5 6 8 |  8.0
Fighting       | 5 |  5.0
Spellcasting   | 4 5 |  5.7
Dodging        | |  1.5
Stealth        | |  2.4
Conjurations   | |  1.0
Air Magic      | |  3.0

Action                     |  1- 3 |  4- 6 |  7- 9 || total
---------------------------+-------+-------+-------++-------
  Melee: Unarmed           |    38 |       |       ||    38
         Bite              |    15 |    66 |   203 ||   284
         Dagger            |    41 |    11 |       ||    52
         Short sword       |       |   233 |   622 ||   855
 Invoke: Curse Item        |       |       |     2 ||     2
    Use: Scroll            |       |       |    19 ||    19
   Stab: Sleeping          |     1 |       |       ||     1
         Distracted        |       |     1 |       ||     1
 Armour: Robe              |    15 |       |       ||    15
         Ring mail         |    24 |    33 |   217 ||   274
         Chain mail        |       |   131 |   202 ||   333
  Dodge: Dodged            |    40 |    77 |   213 ||   330
  Block: Buckler           |       |    35 |    96 ||   131

Table legend: (Time is in decaauts)
 A = Elapsed time spent in this place.
 B = Non-inter-level travel time spent in this place.
 C = Inter-level travel time spent in this place.
 D = Time resting spent in this place.
 E = Time spent auto-exploring this place.
 F = Levels seen in this place.
 G = Mean time per level.
                   A        B        C        D        E       F      G
               +--------+--------+--------+--------+--------+-----+--------+
         Total |   7773 |   7238 |    535 |    339 |   5009 |   9 |  863.7 |
       Dungeon |   7385 |   6874 |    511 |    339 |   4897 |   7 | 1055.0 |
        Temple |     88 |     64 |     24 |      0 |      5 |   1 |   88.0 |
       Ossuary |    300 |    300 |      0 |      0 |    107 |   1 |  300.0 |
               +--------+--------+--------+--------+--------+-----+--------+

Top non-repeatable levels by time:
     D:6: 1672 daAuts
     D:5: 1303 daAuts
     D:2: 1166 daAuts
     D:4: 922 daAuts
     D:3: 856 daAuts
     D:1: 810 daAuts
     D:7: 652 daAuts
 Ossuary: 300 daAuts
  Temple: 88 daAuts
